 Dungeon Crawl Stone Soup version 0.30-a0-297-g0ec75d9ef4 (webtiles) character file.

Game seed: 18287398453152128665

246 purpskrrrp the Changer (level 5, 0/41 HPs)
             Began as a Demigod Transmuter on Oct 19, 2022.
             Slain by a gnoll
             ... wielding a +0 halberd
              (7 damage)
             ... on level 3 of the Dungeon.
             The game lasted 00:05:04 (2981 turns).

purpskrrrp the Changer (Demigod Transmuter)         Turns: 2981, Time: 00:05:05

Health: 0/41       AC:  2    Str: 11    XL:     5   Next: 54%
Magic:  10/11      EV: 12    Int: 19    God:
Gold:   75         SH:  0    Dex: 14    Spells: 8/9 levels left

rFire   . . .      SeeInvis .    j - +2 whip (elec)
rCold   . . .      Faith    .    (no shield)
rNeg    . . .      Spirit   .    a - +0 robe
rPois   .          Reflect  .    (helmet currently unavailable)
rElec   .          Harm     .    (no cloak)
rCorr   .          Rampage  .    (no gloves)
Will    .....                    (boots currently unavailable)
Stlth   +.........               (no amulet)
HPRegen 0.26/turn                (no ring)
MPRegen 0.12/turn                (no ring)

@: appendages
A: horns 2, talons 2, high MP 1, forlorn, divine attributes
a: End Transformation


You were on level 3 of the Dungeon.
You had temporarily grown beastly horns and talons.
You visited 1 branch of the dungeon, and saw 3 of its levels.

You collected 75 gold pieces.

Inventory:

Hand Weapons
 g - a +1 whip of holy wrath
 j - a +2 whip of electrocution (weapon)
Armour
 a - a +0 robe (worn)
 c - a +0 helmet (melded)
 m - a +0 plate armour
Jewellery
 o - a ring of ice
Scrolls
 e - 4 scrolls of identify {unknown}
 h - a scroll of fear {unknown}
 i - a scroll of enchant armour {unknown}
 l - a scroll of amnesia {unknown}
Potions
 b - 2 potions of lignification
 d - a potion of brilliance {unknown}
 f - a potion of invisibility {unknown}
 k - a potion of berserk rage {unknown}
 n - a potion of degeneration {unknown}
 p - 2 potions of attraction {unknown}


   Skills:
 + Level 2.1 Fighting
 * Level 2.3 Maces & Flails
 + Level 2.6 Dodging
 - Level 2.6 Unarmed Combat
 + Level 2.5 Spellcasting
 * Level 3.3 Transmutations


You had 8 spell levels left.
You knew the following spells:

 Your Spells              Type           Power      Damage    Failure   Level
a - Beastly Appendage     Tmut           30%        N/A       4%          1

Your spell library contained the following spells:

 Spells                   Type           Power      Damage    Failure   Level
 Wereblood                Tmut           15%        N/A       6%          2
 Spider Form              Tmut/Pois      8%         N/A       24%         3
 Ice Form                 Ice/Tmut       8%         N/A       63%         4


Dungeon Overview and Level Annotations

Branches:
Dungeon (3/15)

Shops:
D:3 (!


Innate Abilities, Weirdness & Mutations

You have temporarily grown beastly horns and talons.
You have an increased reservoir of magic. (+10% MP)
You shall have no god before yourself.
Your divine heritage dramatically boosts your attributes as you level up.


Message History

The gnoll barely misses you.
The rat twitches its whiskers.
You barely miss the rat. You claw the rat.
You kill the rat!
The goblin barely misses you. The gnoll barely misses you.
The frilled lizard closely misses you.
You hit the frilled lizard.
You kill the frilled lizard!
The goblin completely misses you.
The gnoll hits you from afar with a +0 halberd.
You miss the goblin. Your kick misses the goblin.
The goblin closely misses you.
The gnoll hits you from afar with a +0 halberd!
You hit the goblin. Lightning courses through the goblin!
You kill the goblin!
The gnoll hits you from afar with a +0 halberd!
* * * LOW HITPOINT WARNING * * *
You are too injured to fight recklessly!
You are too injured to fight recklessly!
You are too injured to fight recklessly!
You are too injured to fight recklessly!
You are too injured to fight recklessly!
You are too injured to fight recklessly!
You are too injured to fight recklessly!
You are too injured to fight recklessly!
You are too injured to fight recklessly!
You are too injured to fight recklessly!
You are too injured to fight recklessly!
You are too injured to fight recklessly!
You are too injured to fight recklessly!
You are too injured to fight recklessly!
You are too injured to fight recklessly!
You are too injured to fight recklessly!
You are too injured to fight recklessly!
The gnoll barely misses you.
You see here a frilled lizard corpse.
You hit the gnoll. You claw the gnoll.
The gnoll is moderately wounded.
The gnoll hits you with a +0 halberd!
You die...

####..........##........
.............).....#....
...#....................
##......................
#.#....>........###....
#.....###........###....
..###...#..........#....
# #.#)...>....##.##...
#..@).........†.....
.......g#.......##....##
.##.##.........###...##
#. #.###.......##..## .
.. #.#.#.#..#...## .#$
#...#.##......# .##.
......###...... ..
#......... #.#####...


You could see a gnoll.

Vanquished Creatures
  A scorpion (D:3)
  Natasha (thrice) (D:2)
  3 gnolls (D:2)
  2 adders (D:2)
  3 orcs (D:3)
  4 endoplasms
  A giant cockroach (D:1)
  12 hobgoblins
  5 kobolds
  3 quokkas
  3 ball pythons
  6 bats
  3 frilled lizards
  5 goblins
  13 rats
67 creatures vanquished.

Notes
Turn   | Place    | Note
-------+----------+-------------------------------------------
     0 | D:1      | purpskrrrp the Demigod Transmuter began the quest for the
                  | Orb.
     0 | D:1      | Reached XP level 1. HP: 15/15 MP: 5/5
    23 | D:1      | Reached skill level 1 in Fighting
    87 | D:1      | Reached skill level 2 in Transmutations
   184 | D:1      | Reached XP level 2. HP: 17/23 MP: 5/7
   446 | D:1      | You fall into a shaft and drop 1 floor!
   544 | D:2      | Noticed Natasha
   556 | D:2      | Killed Natasha
   557 | D:2      | Reached skill level 1 in Maces & Flails
   557 | D:2      | Reached XP level 3. HP: 12/28 MP: 8/8
   754 | D:2      | Reached XP level 4. HP: 8/36 MP: 10/10
  1173 | D:2      | Noticed Natasha
  1181 | D:2      | Killed Natasha
  1412 | D:2      | Noticed Natasha
  1458 | D:2      | Killed Natasha
  1459 | D:2      | Reached skill level 3 in Transmutations
  2008 | D:1      | Reached XP level 5. HP: 37/41 MP: 11/11
  2526 | D:3      | Found Kochue's Distillery.
  2793 | D:3      | Found Gakobo's Weapon Boutique.
  2981 | D:3      | Slain by a gnoll

Illustrated notes

Levels and vault maps discovered:
D:1:      elethiomel_arrival_diamonds, layout_basic, basic_ecumenical_altar,
          grunt_decor_fettered, chequers_decorated_corner,
          kennysheep_flooded_box
D:2:      layout_basic, grunt_ministairs_6, chequers_serial_rivers_room_a,
          hex_medium, uniq_natasha
D:3:      layout_rooms, xom_teletrap_fun, mainiacjoe_overflow_brackets,
          kennysheep_okawaru_gauntlet, mainiacjoe_overflow_alcove_1,
          serial_shops, shop, nicolae_shop_hallway_plus, shop,
          amcnicky_mini_pool_small, minmay_misc_feat_pillars,
          minmay_fractal_squares_5

Skill      XL: |  1  2  3  4  5 |
---------------+----------------+-----
Fighting       | 1 2 |  2.1
Transmutations | 2 3 |  3.3
Dodging        | 2 |  2.6
Spellcasting   | 2 |  2.5
Maces & Flails | 1 2 |  2.3
Unarmed Combat | |  2.6

Action                   |  1- 3 |  4- 6 || total
-------------------------+-------+-------++-------
Melee: Unarmed           |    23 |       ||    23
       Kick              |    11 |     9 ||    20
       Headbutt          |     5 |     5 ||    10
       Whip              |    64 |   102 ||   166
       Punch             |     1 |       ||     1
 Cast: Beastly Appendage |    11 |    11 ||    22
  Use: Potion            |     1 |       ||     1
 Stab: Sleeping          |       |     1 ||     1
Armor: Robe              |    15 |    24 ||    39
Dodge: Dodged            |    56 |    76 ||   132

Table legend: (Time is in decaauts)
 A = Elapsed time spent in this place.
 B = Non-inter-level travel time spent in this place.
 C = Inter-level travel time spent in this place.
 D = Time resting spent in this place.
 E = Time spent auto-exploring this place.
 F = Levels seen in this place.
 G = Mean time per level.
                   A        B        C        D        E       F      G
               +--------+--------+--------+--------+--------+-----+--------+
         Total |   2998 |   2885 |    113 |    402 |   1947 |   3 |  999.3 |
       Dungeon |   2998 |   2885 |    113 |    402 |   1947 |   3 |  999.3 |
               +--------+--------+--------+--------+--------+-----+--------+

Top non-repeatable levels by time:
     D:2: 1335 daAuts
     D:1: 1207 daAuts
     D:3: 454 daAuts
